 Dungeon Crawl Stone Soup version 0.30-a0-639-g3916f1956a (webtiles) character file.

Game seed: 18283210989502170762

20 NinjaNoafa the Conjurer (level 2, -2/20 HPs)
             Began as a Draconian Conjurer on Jan 15, 2023.
             Slain by a gnoll
             ... wielding a +0 flail
              (10 damage)
             ... on level 1 of the Dungeon.
             The game lasted 00:03:25 (1022 turns).

NinjaNoafa the Conjurer (Draconian Conjurer)        Turns: 1022, Time: 00:03:25

Health: -2/20      AC:  5    Str:  9    XL:     2   Next: 58%
Magic:  0/5        EV: 12    Int: 18    God:
Gold:   2          SH:  0    Dex:  9    Spells: 3/6 levels left

rFire   . . .      SeeInvis .    f - staff of air
rCold   . . .      Faith    .    i - orb {light}
rNeg    . . .      Spirit   .    (body armour unavailable)
rPois   .          Reflect  .    (helmet restricted)
rElec   +          Harm     .    (no cloak)
rCorr   .          Rampage  .    d - +0 pair of gloves
Will    .....                    (no boots)
Stlth   +                        (no amulet)
HPRegen 0.23/turn                (no ring)
MPRegen 0.09/turn                (no ring)

@: glowing
A: AC +4, unfitting armour, cold-blooded
a: no special abilities


You were on level 1 of the Dungeon.
You visited 1 branch of the dungeon, and saw 1 of its levels.

You collected 68 gold pieces.
You spent 66 gold pieces at shops.

Inventory:

Hand Weapons
 c - a +0 hand axe
Missiles
 j - 9 poisoned darts
Armour
 d - a +0 pair of gloves (worn)
 i - an orb of light (worn)
Magical Staves
 f - a staff of air (weapon)
Scrolls
 e - 2 scrolls of identify
 g - a scroll of teleportation {unknown}
 h - 2 scrolls of fear
 k - a scroll of magic mapping {unknown}
Potions
 a - a potion of magic
 b - a potion of curing


   Skills:
 - Level 1.7 Dodging
 - Level 1.7 Stealth
 + Level 2.5 Spellcasting
 + Level 4.4 Conjurations
 + Level 0.1 Translocations


You had 3 spell levels left.
You knew the following spells:

 Your Spells              Type           Power      Damage    Failure   Level
a - Magic Dart            Conj           72%        1d6       2%          1
b - Searing Ray           Conj           36%        2d5       4%          2

Your spell library contained the following spells:

 Spells                   Type           Power      Damage    Failure   Level
 Dazzling Flash           Conj/Hex       20%        N/A       21%         3
 Fulminant Prism          Conj/Hex       5%         3d7       56%         4
 Iskenderun's Mystic Bla  Conj/Tloc      10%        2d4       56%         4


Dungeon Overview and Level Annotations

Branches:
Dungeon (1/15)

Altars:

Shops:
D:1 ?


Innate Abilities, Weirdness & Mutations

Your plain brown scales are hard. (AC +4)
You cannot fit into any form of body armour.
You are cold-blooded and may be slowed by cold attacks.


Message History

The magic dart hits the quokka.
You kill the quokka!
You can't see any susceptible monsters within range! (Use Z to cast anyway.)
Found a spear.
Key pressed, stopping explore.
You see here a +0 spear.
j - 9 poisoned darts (gained 4)
You see here a staff of earth.
You see here a staff of earth.
A gnoll comes into view. It is wielding a +0 flail.
A gnoll is nearby!
The magic dart hits the gnoll.
The gnoll is lightly wounded.
The magic dart hits the gnoll but does no damage.
The gnoll is lightly wounded.
The magic dart hits the gnoll.
The gnoll is moderately wounded.
Casting: Magic Dart (safe; 2% risk of failure)
Confirm with . or Enter, or press ? or * to list all spells.
Aiming: Searing Ray (safe; 4% risk of failure)
Press: ? - help, Shift-Dir - straight line, f/p - gnoll
Aim: a gnoll, wielding a +0 flail (moderately wounded, haloed, 86% to hit)
The searing ray misses the gnoll. (Press . to maintain the ray.)
The gnoll hits you but does no damage.
You hit the gnoll. You tail-slap the gnoll.
The gnoll is severely wounded.
The gnoll hits you but does no damage.
You hit the gnoll but do no damage.
The gnoll is severely wounded.
The gnoll barely misses you.
You hit the gnoll but do no damage.
The gnoll is severely wounded.
The gnoll closely misses you. The gnoll hits you with a +0 flail!
You hit the gnoll.
The gnoll is severely wounded.
The gnoll hits you with a +0 flail. The gnoll attacks as you move away!
The gnoll hits you with a +0 flail!
Ouch! That really hurt!
You die...

# #....### #.#
####....# #.#####
+.....#.### #.....#
####†....(######.##
#######.......##.#
##..........#.##.#
#.####.#.#.# #.#
##'####.#..... #.#
.)...######.#.##@#
.....# ......g..#
.....# .#.#..####
.....# #.. .....#
... ###### ###. .
#### ## ...#


You could see a gnoll.

Vanquished Creatures
  A giant cockroach (D:1)
  A hobgoblin (D:1)
  6 jackals (D:1)
  2 quokkas (D:1)
  5 bats (D:1)
  A goblin (D:1)
  A rat (D:1)
17 creatures vanquished.

Notes
Turn   | Place    | Note
-------+----------+-------------------------------------------
     0 | D:1      | NinjaNoafa the Draconian Conjurer began the quest for the
                  | Orb.
     0 | D:1      | Reached XP level 1. HP: 14/14 MP: 3/3
   318 | D:1      | Found Pittigol's Magic Scroll Boutique.
   337 | D:1      | Bought a scroll of identify for 22 gold pieces
   337 | D:1      | Bought a scroll of fear for 44 gold pieces
   534 | D:1      | Reached XP level 2. HP: 20/20 MP: 3/5
   589 | D:1      | Learned a level 2 spell: Searing Ray
  1022 | D:1      | Slain by a gnoll

Illustrated notes

Levels and vault maps discovered:
D:1:      ebering_trefoil_twist, layout_basic, serial_shops,
          nicolae_square_shop, nicolae_figureground_pulse

Action                   || total
-------------------------++-------
Melee: Unarmed           ||    18
       Tailslap          ||     5
       Staff             ||    16
 Cast: Magic Dart        ||    27
       Searing Ray       ||     2
  Use: Scroll            ||     2
Armor: Skin              ||    10
Dodge: Dodged            ||    30

Table legend: (Time is in decaauts)
 A = Elapsed time spent in this place.
 B = Non-inter-level travel time spent in this place.
 C = Inter-level travel time spent in this place.
 D = Time resting spent in this place.
 E = Time spent auto-exploring this place.
 F = Levels seen in this place.
 G = Mean time per level.
                   A        B        C        D        E       F      G
               +--------+--------+--------+--------+--------+-----+--------+
         Total |   1024 |   1024 |      0 |      0 |    868 |   1 | 1024.0 |
       Dungeon |   1024 |   1024 |      0 |      0 |    868 |   1 | 1024.0 |
               +--------+--------+--------+--------+--------+-----+--------+

Top non-repeatable levels by time:
     D:1: 1024 daAuts
